Map: Daybreak LE (Void)

Players

oliM

  • Race: Protoss Protoss
  • League: Master
  • Spawn Location: 1:00

Theo - Winner!

  • Race: Protoss Protoss
  • League: Grandmaster
  • Spawn Location: 7:00

VOD

Have the link to the VOD?

Description

Time

  • Played on: Dec. 26, 2016, 2:37 a.m.
  • Length: 16:05
Show
View Real Time Build Order
Export as new Build Order

oliM Protoss 

Build Orders:  

Get SALT Encoding   

  12  0:02  Probe (Chrono Boost)  
  13  0:12  Probe (Chrono Boost)  
  14  0:19  Pylon  
  14  0:23  Probe (Chrono Boost)  
  15  0:37  Probe (Chrono Boost)  
  15  0:39  Gateway  
  16  0:48  Probe (Chrono Boost)  
  16  0:49  Assimilator  
  17  0:54  Assimilator  
  17  0:58  Probe (Chrono Boost)  
  18  1:09  Probe (Chrono Boost)  
  19  1:13  Gateway  
  19  1:19  Probe (Chrono Boost)  
  20  1:29  Cybernetics Core  
  20  1:30  Probe (Chrono Boost)  
  21  1:40  Probe (Chrono Boost)  
  21  1:44  Pylon  
  22  1:51  Probe (Chrono Boost)  
  23  1:58  Warp Gate  
  23  2:02  Probe (Chrono Boost)  
  24  2:09  Stalker  
  24  2:10  Stalker  
  30  2:24  Mothership Core (Chrono Boost)  
  30  2:27  Pylon  
  30  2:43  Probe (Chrono Boost)  
  31  2:49  Stalker x2  
  35  3:11  Nexus  
  35  3:19  Pylon  
  35  3:22  Probe (Chrono Boost)  
  36  3:34  Probe (Chrono Boost)  
  37  3:40  Robotics Facility  
  37  3:46  Probe (Chrono Boost)  
  42  3:56  Probe (Chrono Boost)  
  42  3:59  Twilight Council  
  39  4:05  Sentry x2  
  39  4:07  Probe (Chrono Boost)  
  44  4:17  Probe (Chrono Boost)  
  45  4:25  Probe (Chrono Boost)  
  45  4:26  Forge, Blink  
  45  4:28  Observer, Probe (Chrono Boost)  
  48  4:35  Sentry  
  48  4:36  Probe (Chrono Boost)  
  51  4:38  Probe (Chrono Boost)  
  52  4:47  Probe (Chrono Boost)  
  52  4:49  Probe (Chrono Boost)  
  52  4:51  Pylon  
  54  4:57  Stalker, Probe (Chrono Boost)  
  54  4:58  Stalker  
  59  5:05  Probe (Chrono Boost)  
  59  5:06  Photon Cannon  
  60  5:09  Probe (Chrono Boost)  
  61  5:15  Assimilator  
  61  5:16  Assimilator  
  61  5:17  Probe (Chrono Boost)  
  61  5:20  Probe (Chrono Boost)  
  64  5:29  Probe (Chrono Boost)  
  64  5:30  Probe (Chrono Boost)  
  64  5:34  Pylon  
  64  5:41  Probe x2 (Chrono Boost)  
  65  5:51  Probe (Chrono Boost)  
  65  5:53  Nexus, Probe (Chrono Boost)  
  67  5:57  Protoss Ground Weapons Level 1  
  67  6:02  Probe (Chrono Boost)  
  69  6:05  Probe (Chrono Boost)  
  69  6:06  Pylon  
  68  6:12  Probe (Chrono Boost)  
  68  6:18  Probe (Chrono Boost)  
  70  6:20  Gateway  
  70  6:22  Gateway  
  70  6:23  Probe (Chrono Boost)  
  71  6:26  Robotics Bay  
  71  6:28  Zealot  
  71  6:32  Pylon  
  74  6:34  Probe (Chrono Boost)  
  74  6:35  Probe (Chrono Boost)  
  75  6:45  Probe (Chrono Boost)  
  75  6:46  Probe (Chrono Boost)  
  76  6:49  Robotics Facility  
  76  6:52  Photon Cannon  
  76  6:56  Probe (Chrono Boost)  
  76  6:58  Gateway, Probe (Chrono Boost)  
  78  7:03  Gateway  
  78  7:06  Probe (Chrono Boost)  
  78  7:07  Disruptor, Probe (Chrono Boost)  
  81  7:10  Probe (Chrono Boost)  
  84  7:16  Probe (Chrono Boost)  
  84  7:18  Templar Archives  
  84  7:19  Probe (Chrono Boost)  
  84  7:22  Probe (Chrono Boost)  
  87  7:26  Pylon  
  87  7:27  Probe (Chrono Boost)  
  88  7:30  Assimilator  
  88  7:32  Disruptor  
  88  7:34  Assimilator, Probe (Chrono Boost)  
  92  7:38  Pylon  
  92  7:42  Stalker x3  
  98  7:46  Protoss Ground Weapons Level 2  
  98  7:49  Disruptor  
  98  7:57  Probe (Chrono Boost)  
  102  8:02  Probe (Chrono Boost)  
  102  8:03  Disruptor, Photon Cannon  
  103  8:06  Photon Cannon  
  103  8:08  Pylon  
  106  8:13  High Templar x2  
  106  8:19  Stalker x2, Archon  
  114  8:20  Disruptor, Stalker  
  119  8:29  Pylon  
  119  8:34  Disruptor  
  122  8:42  Pylon  
  122  8:43  Stalker x2  
  122  8:44  Stalker x2  
  130  8:50  Resonating Glaives  
  130  8:52  Nexus  
  130  8:55  Pylon  
  130  8:57  Disruptor  
  133  9:09  Disruptor  
  133  9:11  Photon Cannon  
  133  9:13  Pylon  
  133  9:16  Pylon  
  136  9:22  Assimilator  
  136  9:24  Photon Cannon  
  136  9:26  Assimilator  
  136  9:28  Disruptor  
  136  9:30  Photon Cannon  
  136  9:31  Pylon  
  139  9:38  Zealot x2  
  139  9:40  Disruptor  
  143  9:46  High Templar  
  143  9:47  High Templar  
  143  9:52  Archon  
  150  9:56  Photon Cannon  
  150  9:59  Disruptor  
  150  10:05  Zealot  
  150  10:06  Protoss Ground Weapons Level 3  
  155  10:11  Disruptor  
  155  10:12  Photon Cannon  
  153  10:15  Photon Cannon  
  153  10:18  Zealot, Photon Cannon  
  153  10:20  Zealot  
  160  10:28  Photon Cannon  
  160  10:30  Disruptor  
  163  10:38  High Templar x2  
  163  10:39  Adept  
  163  10:40  Adept  
  170  10:43  Probe (Chrono Boost)  
  170  10:44  Archon  
  170  10:46  Stalker x2  
  170  10:48  Disruptor  
  175  10:50  Probe (Chrono Boost)  
  176  11:01  Disruptor  
  177  11:05  Probe (Chrono Boost)  
  178  11:15  Stalker x5  
  178  11:16  Stalker  
  191  11:19  Probe (Chrono Boost)  
  191  11:22  Disruptor  
  191  11:23  Pylon  
  194  11:36  Nexus, Disruptor  
  194  11:37  Pylon  
  194  11:38  Dark Shrine  
  194  11:41  Pylon  
  197  11:53  Gateway, Disruptor  
  197  11:54  Gateway  
  198  12:10  Stalker  
  195  12:23  Photon Cannon  
  195  12:28  Protoss Shields Level 1  
  196  12:45  Probe (Chrono Boost)  
  196  12:50  Dark Templar x2  
  196  12:51  Dark Templar  
  200  12:55  Dark Templar  
  200  12:56  Probe (Chrono Boost)  
  200  12:57  Pylon  
  198  12:59  Pylon  
  198  13:00  Archon x2  
  198  13:01  Pylon, Probe (Chrono Boost)  
  190  13:06  Gateway  
  190  13:08  Gateway, Dark Templar x2  
  190  13:10  Dark Templar x2  
  190  13:11  Gateway  
  198  13:15  Archon x2  
  198  13:21  Photon Cannon  
  198  13:24  Photon Cannon  
  198  13:26  Dark Templar  
  199  13:32  Photon Cannon  
  199  13:35  Photon Cannon  
  195  13:52  Disruptor  
  145  14:08  Disruptor  
  123  14:10  Stalker x3  
  123  14:11  Stalker x4  
  123  14:12  Stalker  
  131  14:23  Disruptor  
  134  14:37  Dark Templar x5  
  144  14:38  Dark Templar x2  
  144  14:39  Assimilator, Dark Templar  
  144  14:41  High Templar x2  
  144  14:43  Archon  
  144  14:44  Archon x3, Assimilator  
  154  14:46  Archon  
  154  14:49  Stalker  
  156  15:09  Stalker x2  
  156  15:10  Stalker x6  
  160  15:29  Stalker  
  160  15:30  Stalker x4  
  170  15:40  Stalker x2  
Show
View Real Time Build Order
Export as new Build Order

Theo Protoss - Winner!

Build Orders: Phoenix Opening 

Get SALT Encoding   

  12  0:00  Probe (Chrono Boost)  
  13  0:11  Probe (Chrono Boost)  
  14  0:18  Pylon  
  14  0:22  Probe (Chrono Boost)  
  15  0:37  Gateway, Probe (Chrono Boost)  
  16  0:43  Assimilator  
  16  0:47  Probe (Chrono Boost)  
  17  0:58  Probe (Chrono Boost)  
  17  0:59  Assimilator  
  18  1:08  Probe (Chrono Boost)  
  19  1:12  Gateway  
  19  1:19  Probe (Chrono Boost)  
  19  1:23  Cybernetics Core  
  20  1:29  Probe (Chrono Boost)  
  21  1:35  Pylon  
  21  1:40  Probe (Chrono Boost)  
  22  1:50  Probe (Chrono Boost)  
  23  1:59  Stalker  
  23  2:00  Stalker  
  27  2:04  Mothership Core (Chrono Boost)  
  27  2:08  Warp Gate  
  29  2:26  Stalker, Pylon  
  31  2:49  Nexus  
  31  2:59  Stargate  
  31  3:07  Probe (Chrono Boost)  
  31  3:09  Sentry  
  34  3:19  Pylon  
  35  3:21  Probe (Chrono Boost)  
  35  3:31  Robotics Facility  
  36  3:34  Probe (Chrono Boost)  
  36  3:42  Phoenix  
  39  3:49  Probe (Chrono Boost)  
  39  4:00  Probe (Chrono Boost)  
  39  4:01  Probe (Chrono Boost)  
  41  4:05  Phoenix  
  43  4:12  Probe (Chrono Boost)  
  43  4:13  Probe (Chrono Boost)  
  45  4:19  Observer  
  45  4:22  Probe (Chrono Boost)  
  48  4:25  Probe (Chrono Boost)  
  48  4:30  Pylon  
  48  4:33  Probe (Chrono Boost)  
  48  4:35  Probe (Chrono Boost), Assimilator  
  48  4:36  Phoenix  
  52  4:43  Probe (Chrono Boost)  
  53  4:46  Probe (Chrono Boost)  
  54  4:53  Immortal  
  54  4:54  Probe (Chrono Boost)  
  54  4:56  Probe (Chrono Boost)  
  60  5:04  Probe (Chrono Boost)  
  61  5:09  Probe (Chrono Boost)  
  62  5:15  Pylon  
  62  5:16  Nexus  
  62  5:17  Probe (Chrono Boost)  
  62  5:19  Sentry  
  65  5:25  Probe (Chrono Boost)  
  65  5:26  Assimilator  
  66  5:29  Probe (Chrono Boost)  
  68  5:36  Immortal  
  68  5:37  Pylon, Probe (Chrono Boost)  
  72  5:43  Probe (Chrono Boost)  
  74  5:50  Probe (Chrono Boost)  
  74  5:51  Gateway  
  74  5:55  Probe (Chrono Boost)  
  74  5:56  Gateway  
  75  5:58  Sentry x2  
  75  6:02  Probe (Chrono Boost)  
  80  6:05  Gateway  
  80  6:10  Immortal  
  84  6:22  Pylon x2  
  85  6:26  Probe (Chrono Boost)  
  85  6:31  Gateway  
  85  6:32  Void Ray  
  85  6:37  Probe (Chrono Boost)  
  85  6:39  Probe (Chrono Boost)  
  91  6:43  Probe (Chrono Boost)  
  92  6:50  Twilight Council  
  92  6:52  Forge, Probe (Chrono Boost)  
  93  6:55  Probe x2 (Chrono Boost)  
  95  7:04  Probe (Chrono Boost)  
  95  7:06  Probe (Chrono Boost)  
  95  7:08  Probe (Chrono Boost)  
  98  7:10  Assimilator  
  98  7:11  Immortal  
  98  7:15  Assimilator, Probe (Chrono Boost)  
  103  7:17  Probe (Chrono Boost)  
  103  7:18  Pylon  
  103  7:19  Pylon  
  104  7:23  Protoss Ground Weapons Level 1  
  104  7:27  Charge  
  104  7:28  Probe (Chrono Boost)  
  105  7:44  Oracle  
  104  7:55  Immortal  
  104  7:56  Stargate  
  104  8:00  Pylon, Probe (Chrono Boost)  
  109  8:08  Zealot x4  
  109  8:09  Gateway  
  109  8:11  Gateway  
  117  8:13  Gateway, Templar Archives  
  117  8:18  Phoenix  
  117  8:19  Pylon  
  117  8:21  Protoss Air Weapons Level 1  
  117  8:23  Phoenix  
  119  8:32  Pylon  
  119  8:34  Nexus  
  119  8:37  Phoenix  
  119  8:40  Phoenix  
  123  8:56  Immortal  
  123  8:57  High Templar x2  
  123  9:01  Phoenix  
  123  9:02  Archon, Phoenix  
  135  9:12  Pylon  
  135  9:13  Probe x2 (Chrono Boost)  
  135  9:14  Probe (Chrono Boost)  
  135  9:16  Gateway  
  138  9:18  Gateway  
  138  9:22  Phoenix  
  138  9:24  Phoenix  
  142  9:31  Phoenix  
  142  9:37  Immortal  
  142  9:38  Assimilator  
  146  9:39  Assimilator  
  146  9:41  Photon Cannon  
  146  9:44  High Templar x2  
  146  9:45  Zealot x4, Phoenix  
  160  9:56  Archon, Phoenix  
  160  9:59  Phoenix  
  162  10:12  Phoenix  
  162  10:15  Immortal  
  166  10:23  Fleet Beacon  
  166  10:27  Zealot x7  
  166  10:28  Pylon  
  180  10:44  Phoenix x2  
  184  10:56  Protoss Air Weapons Level 2  
  188  11:21  Pylon  
  188  11:23  Pylon, Protoss Shields Level 1  
  184  11:26  Pylon  
  184  11:27  Carrier  
  184  11:28  Carrier  
  184  11:30  Photon Cannon  
  184  11:31  Photon Cannon  
  184  11:34  Photon Cannon  
  184  11:36  Graviton Catapult  
  196  11:48  Pylon  
  196  12:05  Zealot x3  
  199  12:31  Nexus  
  199  12:34  Pylon  
  199  12:36  Pylon  
  199  12:38  Stargate  
  199  12:39  Pylon  
  199  12:43  Carrier  
  197  12:44  Pylon  
  195  13:20  Carrier  
  195  13:26  Photon Cannon  
  195  13:29  Photon Cannon  
  195  13:31  Photon Cannon  
  195  13:33  Photon Cannon x2  
  199  13:36  Photon Cannon  
  199  13:38  Photon Cannon  
  178  13:56  Zealot x7  
  178  13:57  Zealot x4  
  178  13:58  Carrier  
  178  14:00  Immortal  
  170  14:05  Carrier  
  146  14:27  Assimilator  
  146  14:29  High Templar x2  
  146  14:31  High Templar x9  
  152  14:32  Assimilator  
  152  14:34  Stargate  
  152  14:35  Archon x2  
  152  14:36  Archon x3  
  174  14:38  Photon Cannon  
  174  14:40  Photon Cannon  
  174  14:41  Oracle  
  174  14:42  Photon Cannon  
  177  15:02  High Templar x2  
  177  15:06  Observer  
  176  15:27  Zealot x3  
  176  15:28  Archon, Zealot x3  
  181  15:30  High Templar  
  181  15:34  Archon  
  189  15:58  Zealot x5  
Tags
 
Add a new tag
Caveats
  • Supply blocks, unpowered buildings, or Contaminate may cause inaccurate times.
  • Supply counts are checked every 10 seconds.